 Dungeon Crawl Stone Soup version 0.31.0-9-g3a7656b989 (webtiles) character file.

Game seed: 11926363875931646055

88 qw the Shooter (level 4, 0/36 HPs)
             Began as a Demigod Hunter on Feb 2, 2024.
             Slain by a black bear (4 damage)
             ... on level 2 of the Dungeon.
             The game lasted 00:00:05 (1452 turns).

qw the Shooter (Demigod Hunter)                     Turns: 1452, Time: 00:00:05

Health: 0/36       AC:  5    Str: 12    XL:     4   Next: 8%
Magic:  6/6        EV: 11    Int: 11    God:
Gold:   80         SH:  0    Dex: 21    Spells: 3/3 levels left

rFire   . . .        a - +0 shortbow
rCold   . . .        (shield currently unavailable)
rNeg    . . .        e - +0 ring mail
rPois   .            (no helmet)
rElec   .            (no cloak)
rCorr   .            (no gloves)
SInv    .            (no boots)
Will    .....        (no amulet)
Stlth   +            (no ring)
HPRegen 0.26/turn    (no ring)
MPRegen 0.10/turn

%: no passive effects
@: hasted, very quick
A: high MP 1, forlorn, divine attributes
a: no special abilities


You were on level 2 of the Dungeon.
You visited 1 branch of the dungeon, and saw 2 of its levels.

You collected 80 gold pieces.


Innate Abilities, Weirdness & Mutations

You have an increased reservoir of magic. (+10% MP)
You shall have no god before yourself.
Your divine heritage dramatically boosts your attributes as you level up.


   Skills:
 - Level 2.0 Fighting
 - Level 5.1 Ranged Weapons
 + Level 0.0 Armour
 - Level 2.0 Dodging
 - Level 0.8 Stealth


You had 3 spell levels left.
You didn't know any spells.
Your spell library was empty.

Inventory:

Hand Weapons
 a - a +0 shortbow (weapon)
Armour
 e - a +0 ring mail (worn)
Potions
 b - a potion of invisibility {unknown}
 c - a potion of degeneration {unknown}
 j - a potion of resistance {unknown}

Dungeon Overview and Level Annotations

Branches:
Dungeon (2/15)


Message History

The kobold is moderately wounded.
You shoot an arrow. The arrow barely misses the black bear.
The arrow hits the kobold.
You kill the kobold!
The rat barely misses you.
The black bear bites you but does no damage.
The black bear completely misses you. The black bear claws you.
You shoot an arrow. The arrow hits the black bear.
The black bear is lightly wounded.
The rat closely misses you. The black bear bites you.
The black bear completely misses you.
The black bear claws you but does no damage.
You shoot an arrow. The arrow hits the black bear.
The black bear is moderately wounded.
The rat barely misses you. The black bear barely misses you.
The black bear claws you but does no damage.
The black bear misses you.
You shoot an arrow. The arrow hits the black bear.
The black bear is moderately wounded.
The black bear bites you! The black bear closely misses you.
The black bear barely misses you. The rat closely misses you.
You shoot an arrow. The arrow hits the black bear.
The black bear is heavily wounded.
The black bear bites you but does no damage.
The black bear closely misses you. x2; The rat bites you.
You shoot an arrow.
The arrow hits the black bear but does no damage.
The black bear is heavily wounded.
The black bear bites you. The black bear closely misses you. x2
The rat misses you.
You shoot an arrow.
The arrow closely misses the black bear.
The rat barely misses you. The black bear barely misses you.
The black bear claws you. The black bear barely misses you.
You shoot an arrow. The arrow hits the black bear.
The black bear is heavily wounded.
You shoot an arrow. The arrow hits the black bear.
The black bear is severely wounded.
The rat bites you but does no damage. The black bear bites you.
You die...

### ... ..%. .#...
#### ###.#
.....##.. ..#.#
...#..r.#####.#.#
....$$h@........[
>
.....%#.#####.#.#
.. ...#. #.# #.#.#
.. . ..
#.#####.#.# ... #.
#.........#####..#
..
#######......#....
. ######.)..#
#....#..#.#
#......## #


You could see a black bear and a rat.

Vanquished Creatures
  Terence (D:2)
  3 adders (D:2)
  A dart slug (D:1)
  2 endoplasms (D:1)
  A giant cockroach (D:1)
  2 goblins
  6 hobgoblins
  2 quokkas (D:1)
  2 ball pythons (D:1)
  A bat (D:1)
  8 frilled lizards
  5 kobolds
  2 rats (D:1)
36 creatures vanquished.

Notes
Turn   | Place    | Note
-------+----------+-------------------------------------------
     0 | D:1      | qw the Demigod Hunter began the quest for the Orb.
     0 | D:1      | Reached XP level 1. HP: 17/17 MP: 3/3
     0 | D:1      | 0 ||| qw: Version: 0.3-a-155-g5e7d8dd
     0 | D:1      | 0 ||| qw: Game counter: 326
     0 | D:1      | 0 ||| qw: Melee chars always use a shield: true
     0 | D:1      | 0 ||| qw: God list: Okawaru
     0 | D:1      | 0 ||| qw: Allow faded altars: false
     0 | D:1      | 0 ||| qw: Do Orc after clearing Dungeon:15 true
     0 | D:1      | 0 ||| qw: Do second Lair branch before Depths: true
     0 | D:1      | 0 ||| qw: Lair rune preference: random
     0 | D:1      | 0 ||| qw: Goals: Normal
     0 | D:1      | 0 ||| PLANNING D:1-11
   126 | D:1      | Reached skill level 4 in Ranged Weapons
   136 | D:1      | Reached XP level 2. HP: 20/24 MP: 4/4
   805 | D:1      | 805 ||| UPGRADING to +0 ring mail.
   815 | D:1      | 815 ||| DROPPING +0 leather armour.
   816 | D:1      | 816 ||| READING scroll labelled MEDYOLESAFF.
   917 | D:1      | 917 ||| READING scroll labelled LUUDAO DAMP.
  1018 | D:1      | 1018 ||| READING scroll labelled VIUNUCKASO.
  1019 | D:1      | 1019 ||| READING scroll labelled ASI AJUMICIRUD.
  1020 | D:1      | 1020 ||| DRINKING 2 blue potions.
  1021 | D:1      | 1021 ||| DROPPING scroll of butterflies.
  1023 | D:1      | 1023 ||| Stepping ~*~*~tactically~*~*~ (cloud).
  1036 | D:1      | HP: 6/24 [poisoned by you (poison gas)]
  1192 | D:2      | Reached XP level 3. HP: 17/29 MP: 5/5
  1319 | D:2      | Noticed Terence
  1332 | D:2      | Killed Terence
  1333 | D:2      | Reached skill level 5 in Ranged Weapons
  1416 | D:2      | Reached XP level 4. HP: 36/36 MP: 6/6
  1429 | D:2      | Noticed a black bear
  1430 | D:2      | 1430 ||| DRINKING potion of haste.
  1447 | D:2      | HP: 8/36 [black bear (7)]
  1452 | D:2      | Slain by a black bear

Levels and vault maps discovered:
D:1:      eino_arrival_water_star, layout_basic, minmay_fountain_box,
          nicolae_hexahallways, dreamdust_princess_corridor
D:2:      layout_basic, minmay_misc_feat_plants, uniq_terence

Skill      XL: |  1  2  3  4 |
---------------+-------------+-----
Ranged Weapons | 4 5 |  5.1
Fighting       | 2 |  2.0
Dodging        | 2 |  2.0
Stealth        | |  0.8

Action                     |  1- 3 |  4- 6 || total
---------------------------+-------+-------++-------
   Fire: Shortbow          |    98 |    24 ||   122
    Use: Scroll            |     4 |       ||     4
         Potion            |     1 |     1 ||     2
 Armour: Leather armour    |     8 |       ||     8
         Ring mail         |    28 |    22 ||    50
  Dodge: Dodged            |    44 |    28 ||    72

Table legend:
 A = Non-vault XP
 B = Vault XP
 C = Vault XP percentage of total XP
 D = Non-vault monster count
 E = Vault monster count
 F = Vault count percentage of total count
                 A         B        C        D         E       F
            +---------+---------+-------+---------+---------+-------
      Total |      90 |      36 |  28.6 |      35 |       1 |   2.8
            +---------+---------+-------+---------+---------+-------
        D:1 |      37 |       0 |   0.0 |      24 |       0 |   0.0
        D:2 |      53 |      36 |  40.4 |      11 |       1 |   8.3
            +---------+---------+-------+---------+---------+-------
